[Event "Prague Festival-Futures 2022"]
[Site "Prague"]
[Date "2022.06.08"]
[Round "1.1"]
[White "Peglau, Charis"]
[Black "Tolmacevs, Artjoms"]
[Result "0-1"]
[ECO "A06"]
[WhiteElo "2008"]
[BlackElo "2087"]
[Annotator "TA"]
[PlyCount "132"]
[EventDate "2022.06.07"]
[EventType "tourn"]
[EventCountry "CZE"]
[SourceTitle "playchess.com"]
[Source "ChessBase"]
[SourceQuality "1"]
[TimeControl "40/5400+30:1800+30"]

1. Nf3 c5 2. b3 d5 3. Bb2 e6 4. e3 Nf6 5. Be2 Nc6 6. O-O {[%emt 0:00:42] A06: Réti Opening: 1 Nf3 d5.} Bd6 (6... b6 {is interesting.} 7. Bb5 Bb7 8. Ne5 Rc8) 7. d3 (7. d4 $11) 7... e5 $15 8. Nbd2 {[%emt 0:03:04] Black is slightly better.} O-O 9. e4 d4 10. Nc4 Bc7 11. a4 b6 {[%emt 0:11:23] [#]} 12. h3 $146 ({Predecessor:} 12. Bc1 h6 13. Bd2 a6 14. Ne1 Rb8 15. h3 Be6 16. Bg4 Nxg4 17. hxg4 f6 {½-½ (17) Henzelmann,K (2105)-Rufft,W (2135) Wetzlar 2009}) 12... a6 13. Nh2 Rb8 14. Bc1 b5 15. axb5 axb5 16. Nb2 Be6 17. Bg5 h6 18. Bh4 Bd6 19. Bg4 Bxg4 20. Nxg4 Be7 21. Bxf6 Bxf6 22. Ra6 Rc8 23. Nxf6+ Qxf6 24. Qd2 Qd8 25. f4 (25. Rfa1 $15) 25... Nb4 26. Raa1 exf4 27. Rxf4 Ra8 28. Rc1 (28. Rxa8 $17 {was worth a try.} Qxa8 29. c3 dxc3 30. Qxc3) 28... Ra2 $19 29. Nd1 Qg5 {[%emt 0:02:24][%cal Ob4d3] Threatens to win with ...Nxd3!} 30. h4 Qg3 (30... Qe7 $19 31. Nf2 Rc8) 31. Rf5 $17 Rc8 {[%emt 0:03:33] Black is much more active. The white rooks are badly placed.} ({But not} 31... Qxh4 $6 32. Rxc5 Na6 33. Rd5 $11) 32. Nf2 (32. h5 $142) 32... Qxh4 $19 33. Rf4 Qg3 {[%emt 0:00:53] ...Qe3 is the strong threat.} 34. Rf3 Qg5 35. Qd1 (35. Qxg5 $142 hxg5 36. c4) 35... g6 36. Nh3 Qe7 37. Nf4 Rca8 38. Rf1 Rb2 (38... Qe5 $19 {and Black stays clearly on top.} 39. Qf3 Nxc2) 39. Qf3 Raa2 ({Black should try} 39... Ra7 $17 40. Nd5 Nxd5 41. exd5 Rba2) 40. Nd5 (40. e5 $5) 40... Nxd5 41. exd5 Rxc2 42. Rxc2 Rxc2 $15 {[%emt 0:00:08][%mdl 4096] Endgame KQR-KQR} 43. d6 $1 Qd7 {[%emt 0:09:02] White must now prevent ...Ra2.} (43... Qxd6 {is a self mate.} 44. Qxf7+ Kh8 45. Qe8+) 44. Qd5 $2 {[%emt 0:12:02] White is on the road to losing.} (44. Qa8+ $1 $11 {and White is okay.} Kg7 45. Qb8) 44... Re2 $1 $19 45. Qxc5 Re6 $1 46. Qc7 Rxd6 47. Qc1 Kg7 48. Qf4 Qe6 49. Rf3 Rd5 50. g4 Rg5 51. Qxd4+ Kh7 52. Rf4 (52. Kh2 {keeps fighting.}) 52... h5 53. Kf2 hxg4 {[%emt 0:04:32] And now ...f5 would win.} 54. b4 g3+ 55. Kf3 Qc6+ (55... g2 $142 56. Rh4+ Rh5 57. Kxg2 Qe2+ 58. Kh3 Qf3+ 59. Kh2 Rxh4+ 60. Qxh4+ Qh5 61. Qxh5+ gxh5 62. Kh3 Kg6 63. Kg3 Kg5 64. Kg2 f5 65. Kg3 h4+ 66. Kf3 f4 67. Ke4 h3 68. Kf3 Kf5 69. d4 Ke6 70. Kf2 Kd5 71. Kf3 Kxd4 72. Kxf4 h2 73. Kf5 h1=Q 74. Ke6 Qc6+ 75. Kf5 Qd6 76. Kg4 Qf6 77. Kh5 Ke3 78. Kg4 Qg6+ 79. Kh4 Kf3 80. Kh3 Qh7#) 56. Ke3 Qe6+ (56... f5 57. Rh4+ Rh5 58. Qa7+ Kh6) (56... Qe8+ $19 57. Kf3 Qa8+ 58. Ke3 Kg8) 57. Kf3 g2 {[%emt 0:07:22] Black mates.} 58. Rh4+ Rh5 59. Kxg2 Qe2+ 60. Kh3 Qf3+ 61. Kh2 {[%emt 0:00:10] [#]} Rxh4+ $1 62. Qxh4+ {[%emt 0:00:05] [#]} Qh5 $1 63. Kg3 Qxh4+ 64. Kxh4 f5 65. Kg5 Kg7 66. d4 Kf7 {[%emt 0:00:06] Weighted Error Value: White=0.44/Black=0.33} 0-1

[Event "Prague Festival-Futures 2022"]
[Site "Prague"]
[Date "2022.06.08"]
[Round "1.2"]
[White "Bouska, Jiri"]
[Black "Zelbova, Lada"]
[Result "1-0"]
[ECO "A04"]
[WhiteElo "2117"]
[BlackElo "1967"]
[Annotator "TA"]
[PlyCount "75"]
[EventDate "2022.06.07"]
[EventType "tourn"]
[EventCountry "CZE"]
[SourceTitle "playchess.com"]
[Source "ChessBase"]
[SourceQuality "1"]
[TimeControl "40/5400+30:1800+30"]

1. Nf3 c5 2. g3 Nc6 3. Bg2 g6 4. d4 cxd4 5. Nxd4 Bg7 6. Be3 {[%emt 0:01:00] A04: Unusual lines after 1 Nf3 and King's Indian Attack.} Nf6 7. h3 {[%emt 0:00:52] Prevents Ng4.} d5 8. O-O {[%emt 0:01:23][%cal Oc2c4] Black is slightly better.} O-O {[%emt 0:07:17] [#]} 9. c4 $146 ({Predecessor:} 9. Nd2 e5 10. Nxc6 bxc6 11. c3 Qc7 12. b4 d4 13. cxd4 Nd5 14. Bxd5 cxd5 15. Nb3 Bxh3 {½-½ (26) Doye,P (2322)-Jones,I (2197) ICCF email 2015}) 9... Nxd4 10. Bxd4 (10. Qxd4 $2 Ng4 $1 11. Qd2 Nxe3 12. fxe3 dxc4 13. Qxd8 Rxd8 $19) 10... dxc4 11. e4 (11. Na3 $15) 11... Be6 $17 12. Nc3 Qc8 {[%emt 0:06:58] Hoping for ...Rd8.} 13. e5 {[%emt 0:03:04] [#]} Nd7 (13... Rd8 $1 $17 14. Kh2 (14. exf6 $2 Bxf6 15. Nb5 a6 $19) 14... Nd5) 14. f4 Rd8 15. Qf3 Nc5 16. Be3 Nd3 17. g4 Kf8 (17... Nxb2 18. f5 $11) (17... Bd7 $17 {Strongly threatening ...Bc6.} 18. Qxb7 Qxb7 19. Bxb7 Rab8) 18. Qg3 (18. Qxb7 Qxb7 19. Bxb7 Rab8 $17) (18. f5 $11 Nxe5 19. Qf4 (19. Qxb7 Rb8 $17)) 18... g5 (18... Nxb2 19. Rab1 Nd3 20. Bxb7 $16) (18... Qc7 $1 $17 19. Qh4 Kg8) 19. fxg5 $11 Nxe5 (19... Bxe5 20. Qh4 Qc7 21. Qxh7) (19... Bxe5 20. Qh4 Qc7 21. Qxh7 $16) 20. Qh4 Kg8 21. Be4 {[%emt 0:00:24] Against Rd3} Ng6 22. Qf2 Rf8 23. Bf5 (23. Bxa7 $2 Bxg4 $1 24. Bd4 (24. hxg4 $2 Qxg4+ 25. Qg2 Qxg2+ 26. Kxg2 Rxa7 $19) 24... Bxh3 25. Bxg7 Kxg7 $19) 23... Ne5 (23... Qc7) 24. Rad1 (24. Qh4 $11 Bxf5 25. gxf5) 24... Qc6 (24... Qc7 $15 {was preferrable.}) 25. Be4 (25. Bxa7 $2 Bxf5 26. gxf5 Nd3 $19) 25... Qc7 26. Nb5 (26. Bxa7 Nd3 27. Qh4 (27. Bxd3 cxd3 28. Bb6 Qc4 $15) 27... Rfd8 28. Qxh7+ (28. Nb5 $2 Qe5 $19) 28... Kf8) 26... Qa5 27. Nd4 (27. Nxa7 f6 28. Bd4 (28. Bxb7 fxg5 29. Bxa8 Rxf2 $17) (28. Qh4 $2 Ng6 $19) 28... fxg5 $17) (27. Qh4 $2 Ng6 28. Bxg6 fxg6 $19) 27... Rad8 (27... Bd5 28. Nb3 $1 cxb3 29. Rxd5 $16) 28. Nf5 $1 (28. Bxb7 Nd3 29. Rxd3 cxd3 $19) (28. Qh4 Ng6 29. Qe1 Qxe1 30. Rfxe1 Nf4 $1 31. Nxe6 Nxe6 $15) 28... Bxf5 {[%emt 0:02:25][%mdl 8192] This costs Black the game.} (28... Ng6 $14) 29. Qxf5 $18 Rfe8 (29... Nf3+ $142 30. Qxf3 Rxd1) 30. Qxh7+ (30. Bd4 Rxd4 $1 31. Rxd4 (31. Qxh7+ $2 Kf8 $19) 31... Qb6 $17) 30... Kf8 31. g6 {[%emt 0:00:43] Intending Bh6 and mate.} (31. Bd4 $2 {[#]} Rxd4 $1 32. Rxd4 Qb6 $19) 31... Rxd1 32. Rxd1 $40 {[%emt 0:00:04][%mdl 128] White wants a kill.} (32. Bh6 Rxf1+ 33. Kxf1) 32... Rd8 $2 (32... Nxg6 33. Bxg6 (33. Bxb7 Qe5 $17) 33... Qe5) 33. Rf1 {[%emt 0:00:23] White is clearly winning.} Rd3 34. Bxd3 cxd3 35. gxf7 Nxf7 36. Qxd3 {[%emt 0:00:13] And now g5 would win.} Qc7 (36... Bxb2 $142 37. h4 Qc7 38. Bxa7 (38. Rxf7+ Kxf7 39. Bxa7 Kg7 $18) 38... b5) 37. Rf3 Kg8 38. Qd5 {[%emt 0:00:33] Weighted Error Value: White=0.58/Black=0.52} 1-0

[Event "Prague Festival-Futures 2022"]
[Site "Prague"]
[Date "2022.06.08"]
[Round "1.3"]
[White "Kuru, Atilla"]
[Black "Balint, Peter"]
[Result "1-0"]
[ECO "C36"]
[WhiteElo "2023"]
[BlackElo "2097"]
[Annotator "TA"]
[PlyCount "101"]
[EventDate "2022.06.07"]
[EventType "tourn"]
[EventCountry "CZE"]
[SourceTitle "playchess.com"]
[Source "ChessBase"]
[SourceQuality "1"]
[TimeControl "40/5400+30:1800+30"]

1. e4 e5 2. f4 exf4 3. Nf3 d5 4. exd5 Nf6 5. Bb5+ c6 6. dxc6 Nxc6 7. d4 Bd6 8. O-O O-O 9. Nbd2 {[%emt 0:01:24] 9.c3 injects fresh life into this line.} Bg4 {[%emt 0:15:59] C36: King's Gambit Accepted: 3 Nf3 d5.} 10. Nc4 Re8 11. Bxc6 bxc6 {[%emt 0:00:14] Black is slightly better.} 12. Qd3 Bc7 13. Nfe5 Bf5 {[%emt 0:05:56] [#] This bishop pair is nice.} 14. Qd1 $146 {[%emt 0:20:59] [#]} (14. Qd2 c5 15. Rxf4 Be6 16. Ne3 cxd4 17. Rxd4 Qb8 18. Nf3 Bb6 19. b3 Bxd4 20. Nxd4) ({White should try} 14. Qxf5 $15 Qxd4+ 15. Kh1 Bxe5 16. Nxe5 Rxe5 17. Qxf4) ({Predecessor:} 14. Qd2 c5 15. Rxf4 Be6 16. Ne3 cxd4 17. Rxd4 Qb8 18. Nf3 Bb6 19. b3 Bxd4 20. Nxd4 {0-1 (36) Perez,G (1905)-Foy,J (1469) IECG email 2002}) 14... Bxc2 $1 15. Qxc2 $17 Qxd4+ 16. Kh1 Bxe5 17. Nxe5 Qxe5 18. Bxf4 Qe6 19. Qf2 Nd5 20. Bg3 f6 21. Rfe1 Qd7 22. Qc5 a6 23. Qc4 a5 24. Rac1 Rxe1+ 25. Bxe1 Re8 26. Bxa5 Re6 27. a4 h5 (27... Ne3 {with more complications.} 28. Qb3 Kf7 29. h3 Qd5) 28. b4 (28. Bd2 $14 {is superior.}) 28... Ne3 $11 29. Qb3 Kh8 30. b5 {[%emt 0:01:12] bxc6 is the strong threat.} cxb5 31. Qxb5 Qf7 32. Bb6 {[%emt 0:01:52] Hoping for Rc8+.} (32. Qd3 {is more complex.} Qb7 33. Qe2 Qd5 34. Bc3) 32... Qe8 {[%emt 0:01:28] Against Rc8. Black is now going downhill.} (32... Nxg2 $11 33. Kxg2 (33. Rc8+ Kh7 $11) 33... Qb7+ 34. Kf2 Rxb6 35. Qxh5+ Kg8 36. Qe8+ Kh7 37. Qh5+ Kg8 38. Qe8+ Kh7 39. Qh5+ Kg8) 33. Qxe8+ $18 Rxe8 {[%emt 0:00:04][%mdl 4096] Endgame KRB-KRN} 34. Re1 Ra8 35. Bxe3 {[%emt 0:00:20] Black must now prevent Ra1.} Rxa4 {[%emt 0:00:03] KRB-KR} 36. Rf1 Kg8 37. Rf5 h4 38. Rf4 Rxf4 (38... Ra3 $18 39. Bg1 h3) 39. Bxf4 {[%emt 0:00:05] KB-K3P. White mates.} Kf7 40. Kg1 Ke6 41. Kf2 Kf5 42. Kf3 g5 43. Bd2 Kg6 44. Ke4 f5+ 45. Ke5 f4 {[%emt 0:01:13] [#]} 46. Bxf4 $1 h3 {[%emt 0:01:50] [#]} (46... Kh5 47. Bd2) 47. g4 $1 gxf4 48. Kxf4 Kf6 49. g5+ Kf7 50. Kg3 Kg6 51. Kg4 {[%emt 1:06:55] Weighted Error Value: White=0.07 (flawless) /Black=0.40} 1-0

[Event "Prague Festival-Futures 2022"]
[Site "Prague"]
[Date "2022.06.08"]
[Round "1.4"]
[White "Bokhnak, Timofey"]
[Black "Warchol, Kamil"]
[Result "0-1"]
[ECO "B22"]
[WhiteElo "2060"]
[BlackElo "2079"]
[Annotator "TA"]
[PlyCount "148"]
[EventDate "2022.06.07"]
[EventType "tourn"]
[EventCountry "CZE"]
[SourceTitle "playchess.com"]
[Source "ChessBase"]
[SourceQuality "1"]
[TimeControl "40/5400+30:1800+30"]

1. e4 c5 2. c3 Nf6 3. e5 Nd5 4. Bc4 Nb6 5. Bb3 e6 6. Nf3 c4 7. Bc2 d5 {[%emt 0:01:16] B22: Sicilian: 2 c3.} 8. exd6 Bxd6 9. b3 cxb3 {[%emt 0:03:23] White is slightly better.} 10. axb3 e5 11. O-O O-O 12. Na3 Nc6 13. d4 exd4 14. Nb5 {[%emt 0:00:54] [#]} (14. Nxd4 {is more complex.} Re8 15. Nab5 Nxd4 16. Qxd4 Be5 17. Qxd8 Rxd8 18. Rxa7 Rxa7 19. Nxa7 Bxc3 20. Nxc8 Nxc8 21. Rd1) 14... Be7 $146 ({Predecessor:} 14... Re8 15. Re1 Rxe1+ 16. Qxe1 Bf8 17. Nbxd4 Nxd4 18. Nxd4 g6 19. Qe4 Bg7 20. Be3 Nd5 21. Bd2 Nb4 22. Bd1 Nc6 23. Be3 Bd7 {0-1 (23) Dulik,J (2231)-Pijl,R (2017) IECG email 2000}) 15. Nfxd4 $40 {[%emt 0:05:42][%mdl 128] White attacks.} Nxd4 16. Nxd4 Nd5 17. Qf3 {[%emt 0:01:40] Rd1 is the strong threat.} Nf6 18. Bg5 h6 19. Bh4 Qb6 20. Rfe1 Bd8 21. Ra4 (21. b4 $16) 21... Qd6 (21... a5 $14) 22. Raa1 Qb6 $1 23. h3 (23. b4 $18) 23... Bd7 $16 24. Rad1 Rc8 25. Nf5 (25. Bf5 $16) 25... Bxf5 $14 26. Bxf5 Rc6 27. c4 Qc5 (27... Qb4 $14) 28. Bc2 (28. Be4 $16 Nxe4 29. Bxd8 (29. Rxd8 Rxd8 30. Bxd8 f5 $11) (29. Rxe4 f5 $11) (29. Qxe4 Re6 $11)) 28... Ba5 29. Re3 Bc7 30. Qe2 Bf4 (30... g5 $5 31. Bg3 Bxg3 32. Rxg3 Re6 $11) 31. Rf3 Qe5 (31... Re8 $11 {remains equal.} 32. Qf1 g5) 32. Qd3 $16 Re8 33. g3 Bg5 34. Rf5 Qc7 35. Bxg5 hxg5 36. Rxg5 Rce6 37. Rf5 Qc6 38. Rf3 a6 39. b4 Re2 40. Bb1 Qb6 41. Qc3 Qc6 42. Bd3 R2e5 (42... Qxf3 $2 43. Bh7+ $1 Kxh7 44. Qxf3 $18) ({Black should try} 42... Ne4 43. Qd4 Ng5 44. Bxe2 Nxf3+ 45. Bxf3 Qxf3) 43. Kg2 (43. Rf5 $142 R5e6 44. Rf4) 43... Ne4 44. Bxe4 Rxe4 45. Rd4 (45. c5 $1 $16) 45... Rxd4 $11 46. Qxd4 {[%emt 0:00:03][%mdl 4096] Endgame KQR-KQR} Re4 47. Qd8+ Kh7 48. Kh2 f6 49. Rc3 b5 50. c5 {[%emt 0:01:19] Black must now prevent Qd3.} Rxb4 51. h4 Re4 52. Qd3 {[%emt 0:01:47] Strongly threatening f3.} Kh8 53. Rc2 Re1 54. Qd8+ Kh7 55. Qd3+ Kg8 56. f3 Re5 57. Qd8+ (57. Qa3 $11 {keeps the balance.}) 57... Kf7 $17 58. Qd4 (58. Kg2 $17 {was called for.}) 58... a5 $2 (58... Qxf3 $19 {And now ...Re1 would win.} 59. Rf2 Re2 60. Rxe2 Qxe2+ 61. Kg1 Qe6) 59. Kg2 b4 {[%emt 0:00:27] Threatens to win with ...b3.} 60. Qc4+ Kf8 61. Rd2 $2 (61. g4 $1 $11 {and White stays safe.}) 61... Qxc5 62. Rd8+ Ke7 63. Qd3 {[%emt 0:00:33][%csl Gd8][%cal Rd3d7] [#]} Qb5 $2 {[%emt 0:01:30] Against Qd7+} ({Worse is} 63... Qc7 64. Rg8 Ke6 65. Qg6 $11) ({Black should play} 63... Re2+ $1 $19 64. Qxe2+ (64. Kh3 Qc6) 64... Kxd8) 64. Qd6+ $11 Kf7 65. Rf8+ $2 (65. Qf8+ $11 Kg6 66. g4 Re2+ 67. Kh3) 65... Kg6 $19 {[%emt 0:00:03] ( -> ...Re2+). The board is on fire.} 66. h5+ Rxh5 (66... Kh7 $142 67. g4 Re1) 67. Qd2 Rd5 (67... b3 $142 68. g4 Re5) 68. Qe3 Re5 69. Qd4 Re2+ 70. Kg1 Re1+ 71. Kh2 Re2+ 72. Kg1 $1 Re1+ 73. Kh2 Qh5+ 74. Qh4 Qxf3 {[%emt 0:00:25] Weighted Error Value: White=0.25 (precise) /Black=0.19 (very precise)} 0-1

[Event "Prague Festival-Futures 2022"]
[Site "Prague"]
[Date "2022.06.09"]
[Round "2.1"]
[White "Tolmacevs, Artjoms"]
[Black "Sowinski, Pawel"]
[Result "1/2-1/2"]
[ECO "B12"]
[WhiteElo "2087"]
[BlackElo "2060"]
[Annotator "TA"]
[PlyCount "68"]
[EventDate "2022.06.07"]
[EventType "tourn"]
[EventCountry "CZE"]
[SourceTitle "playchess.com"]
[Source "ChessBase"]
[SourceQuality "1"]
[TimeControl "40/5400+30:1800+30"]

1. e4 c6 2. d4 d5 3. e5 Bf5 4. Nf3 e6 5. Be2 h6 6. O-O Ne7 7. Nbd2 {[%emt 0:00:16] B12: Caro-Kann: Advance Variation.} Nd7 8. a4 g5 {[%emt 0:01:49] 8...a5 deserves study.} 9. Nb3 {[%emt 0:02:36] White has an edge.} Ng6 10. a5 Qc7 {[%emt 0:04:59] [#]} 11. a6 $146 ({Predecessor:} 11. c4 dxc4 12. Bxc4 g4 13. Ne1 Be7 14. Nc2 O-O-O 15. Bd2 h5 16. Ne3 Nh4 17. a6 {1-0 (46) Gabrielian,A (2559)-Pakhomov,A (2412) Pardubice 2010}) 11... b6 12. c4 dxc4 13. Bxc4 Rd8 14. Bd2 g4 {[%emt 0:00:59] Inhibits h3.} (14... c5 $11) 15. Ne1 $14 f6 ({Better is} 15... c5 $14) 16. f3 (16. f4 $18) 16... h5 $16 17. fxg4 ({White should play} 17. f4 $16) 17... hxg4 $11 18. Bd3 Bxd3 19. Nxd3 {[%emt 0:00:04] [#]} Ndxe5 20. Nxe5 $16 ({Much weaker is} 20. dxe5 Rxd3 21. Qxg4 Nxe5 22. Qxe6+ Qe7 23. Qxe7+ (23. Rxf6 Bg7 $17) 23... Kxe7 $11) 20... Nxe5 21. dxe5 ({White should try} 21. Bf4 $14) 21... Qxe5 $11 22. Qxg4 Rxd2 $1 $40 {[%emt 0:10:56][%csl Gh8][%cal Re5h2][%mdl 128] Black attacks.} 23. h3 (23. Qg6+ $11 Kd8 24. Nxd2 Bc5+ 25. Rf2 Qxh2+ 26. Kf1) 23... Qe3+ $19 24. Kh1 Qxb3 25. Rxf6 Rd6 (25... Bd6 $142 26. Rxe6+ Kd8) 26. Re1 Be7 $2 (26... Qxb2 {gets mated.} 27. Rfxe6+ Rxe6 28. Qxe6+ Kd8 29. Rd1+) (26... Kd8 $19 {is more deadly. ...Qd5 is the strong threat.} 27. Rf7 Rd3 28. Rxa7 Qd5 29. Ra8+ Kd7 30. Ra7+ Kd8 31. Ra8+ Kc7 32. Qf4+ e5 33. Rxe5 Rhxh3+ 34. Kg1 Rd1+ 35. Kf2 Qd2+ 36. Qxd2 Rxd2+ 37. Ke1 Bb4 $1 38. gxh3 Rd8+ 39. Ke2 Rxa8) 27. Rfxe6 $17 Rxe6 28. Rxe6 {[%emt 0:00:01] [#]} Qxb2 (28... Rf8 $1 $17 {Threatens to win with ...Qd3.} 29. Rxc6 Qd5 30. Rc8+ Bd8 31. Qg6+ Kd7 32. Qg4+ Qf5) 29. Rxc6 $2 (29. Qg6+ $11 {and White is okay.} Kd7 30. Qg4) 29... Qa1+ $19 30. Kh2 {[%emt 0:00:11] White wants to mate with Qc8+.} Qe5+ ({Resist} 30... Qxa6 31. Rc8+ Qxc8 32. Qxc8+ Bd8 33. Qe6+ Kf8 34. Qd7 $18) 31. Kh1 $2 (31. g3) 31... Qa1+ 32. Kh2 {[%emt 0:00:12] White threatens Qc8+ and mate.} Qe5+ (32... Qxa6 $2 33. Rc8+ Qxc8 34. Qxc8+ Bd8 35. Qe6+ Kf8 36. Qd7 $18) 33. Kh1 $1 Qe1+ (33... Rf8 $19 34. Qc8+ Kf7) 34. Kh2 $11 {[%emt 0:00:15] aiming for Qc8+.} Qe5+ {[%emt 0:00:01] Weighted Error Value: White=0.77/Black=0.80} 1/2-1/2

[Event "Prague Festival-Futures 2022"]
[Site "Prague"]
[Date "2022.06.09"]
[Round "2.2"]
[White "Warchol, Kamil"]
[Black "Kovalskyi, Roman"]
[Result "1/2-1/2"]
[ECO "B27"]
[WhiteElo "2079"]
[BlackElo "2039"]
[Annotator "TA"]
[PlyCount "59"]
[EventDate "2022.06.07"]
[EventType "tourn"]
[EventCountry "CZE"]
[SourceTitle "playchess.com"]
[Source "ChessBase"]
[SourceQuality "1"]
[TimeControl "40/5400+30:1800+30"]

1. e4 c5 2. Nf3 g6 3. c3 Bg7 4. d4 cxd4 5. cxd4 d5 6. e5 Nc6 7. Bb5 $1 {[%emt 0:02:43][%mdl 4] is currently scoring better than 7.Nc3. B27: Sicilian: 2 Nf3, unusual Black 2nd moves.} Nh6 8. h3 O-O 9. Nc3 {[%emt 0:00:18] has lost popularity (9.0-0).} Nf5 10. Bf4 {[%emt 0:09:08] [#]} e6 $146 ({Predecessor:} 10... f6 11. O-O e6 12. Bxc6 bxc6 13. exf6 Bxf6 14. Re1 Qa5 15. Be5 Bxe5 16. Rxe5 c5 17. dxc5 Qxc5 {1-0 (57) Plenca,J (2431)-Ghersinich,E (2029) Sv Filip i Jakov 2017}) 11. Bxc6 bxc6 12. O-O c5 13. dxc5 Qa5 14. Qd2 (14. Rc1 $5 ) 14... Qxc5 15. Rfd1 Bd7 (15... Bb7 $5 ) 16. Rac1 {[%emt 0:01:24] And now g4 would win.} Qb6 17. Bg5 {[%emt 0:11:29] Threatens to win with g4.} Rfe8 18. g4 Ne7 19. h4 (19. Bh6 $14) 19... Qb4 $15 20. Bf4 Nc6 21. a3 Qb3 22. h5 ({White should play} 22. Qe3 $11) 22... Rab8 (22... Rec8 $15 {deserves consideration.}) 23. Rb1 $11 Qc4 24. b4 g5 25. Nxg5 Nxe5 {[%emt 0:03:25] Hoping for ...h6.} 26. Rbc1 {[%emt 0:04:29][%cal Rc3d5] aiming for Nxd5!} h6 $1 {[%emt 0:00:48] White must now prevent ...Rbc8.} (26... Nxg4 $2 27. Bxb8 Rxb8 28. Nxd5 $1 (28. Qc2 $2 Qf4 $19) 28... Qxd5 29. Qf4 $18) 27. Bxe5 $2 (27. Nce4 $1 $15 hxg5 28. Nxg5 (28. Bxe5 $2 Qxe4 29. Bxb8 Rxb8 $19)) 27... Bxe5 $2 {[%emt 0:03:24] [#]} (27... Qxg4+ $19 28. Bg3 hxg5) 28. Nce4 $1 $14 {[%emt 0:00:19] Chess con chili. White is slightly better.} Qa6 29. Nc5 $1 {[%emt 0:00:29][%csl LRa6,LRd7] Pair of Knights!} Qd6 {[%emt 0:00:03] [#]} 30. Nh3 {[%emt 0:00:42] Weighted Error Value: White=0.29 (precise) /Black=0.23 (precise)} (30. Nge4 $1 $14 Qe7 31. Nxd7 (31. Qxh6 Bb5 $11) 31... Qxd7 32. Qxh6) 1/2-1/2

[Event "Prague Festival-Futures 2022"]
[Site "Prague"]
[Date "2022.06.09"]
[Round "2.3"]
[White "Peglau, Charis"]
[Black "Bouska, Jiri"]
[Result "0-1"]
[ECO "B07"]
[WhiteElo "2008"]
[BlackElo "2117"]
[Annotator "TA"]
[PlyCount "162"]
[EventDate "2022.06.07"]
[EventType "tourn"]
[EventCountry "CZE"]
[SourceTitle "playchess.com"]
[Source "ChessBase"]
[SourceQuality "1"]
[TimeControl "40/5400+30:1800+30"]

1. d4 Nf6 2. Nf3 g6 3. Nbd2 Bg7 4. e4 d6 5. c3 O-O 6. Bd3 Nc6 {[%emt 0:03:40] B07: Pirc Defence: Miscellaneous Systems.} 7. d5 Nb8 8. O-O {[%emt 0:00:18] [#]} c5 $146 (8... c6 $11) ({Predecessor:} 8... c6 9. dxc6 Nxc6 10. Re1 Qc7 11. h3 b6 12. Nf1 Bb7 13. Bg5 Rad8 14. Qe2 {½-½ (14) Voiska,M (2224)-Mrdja,M (2260) Cattolica 2021}) 9. Rb1 e6 10. c4 exd5 11. exd5 Nbd7 12. b3 Ng4 13. Bb2 Nge5 14. Bc2 Nxf3+ 15. Nxf3 Bxb2 16. Rxb2 Qf6 17. Rb1 b5 18. Bd3 bxc4 19. bxc4 Nb6 20. Qc2 Bd7 21. Rfe1 Rfe8 22. Nd2 Ba4 23. Qc1 Qd4 24. Rxe8+ Rxe8 25. Bf1 Bd7 26. Nf3 Qf6 27. Rb3 Bf5 28. Re3 Rxe3 29. Qxe3 Qa1 30. Ng5 Qf6 (30... Kg7 {with more complications.} 31. Qe8 Qf6 32. h4 h6) 31. Nf3 Kg7 32. a3 ({White should try} 32. h3 $15) 32... Qa1 $17 {[%emt 0:00:42] And now ...Nxc4 would win.} 33. Nd2 Nd7 34. Nf3 a5 35. h3 Nf6 (35... h6 $15 {is more appropriate.}) 36. Nd2 (36. g4 $11 Bc2 37. Ne1) 36... Qc1 {[%emt 0:01:13] Black is more active.} ({Black should play} 36... h5 $15) 37. g4 $1 $11 Ne4 38. Nxe4 {[%emt 0:01:35][%mdl 8192] Black converts the advantage convincingly.} (38. Nb3 $11 Qxe3 39. fxe3) 38... Qxe3 $19 {[%emt 0:00:02][%mdl 64] Remove Defender} 39. fxe3 Bxe4 $11 {[%emt 0:00:04][%mdl 4096] Endgame KB-KB} 40. Kf2 g5 41. Kg3 Kf6 42. h4 (42. Kf2 $142 Bg6 43. Be2) 42... h6 $19 43. Be2 Ke5 44. hxg5 hxg5 45. Kf2 f5 $2 (45... Bb1 {Strongly threatening ...Ke4.} 46. Ke1 Ke4) 46. gxf5 $2 (46. Kg3) 46... Bxf5 {[%emt 0:00:11] aiming for ...Ke4.} 47. Kf3 (47. Bf1 $142 Ke4 48. Ke2) 47... g4+ 48. Kg3 Ke4 49. Bxg4 Bg6 $1 50. Kf2 {[%emt 0:04:07] [#]} Kd3 $1 51. Be2+ Kc3 52. Kg3 Kb3 53. Kf4 Kxa3 54. e4 Kb4 55. e5 dxe5+ 56. Kxe5 a4 57. d6 Be8 58. Bd3 Kc3 (58... a3 $142 59. Bb1 Kb3 60. Kf6 Kb2 61. Ke7 Ba4 62. d7 Bxd7 63. Be4 a2 64. Kxd7 a1=Q 65. Kd6 Kc3 66. Bd5 Kb4 67. Ke7 Qd4 68. Kd6 Qxc4 69. Bxc4 Kxc4 70. Kc6 Kd4 71. Kb5 c4 72. Kb4 c3 73. Kb3 Kd3 74. Kb4 c2 75. Kc5 c1=Q+ 76. Kd5 Qf4 77. Ke6 Kc4 78. Kd7 Kd5 79. Ke7 Qg5+ 80. Ke8 Qg7 81. Kd8 Kd6 82. Ke8 Qg8#) 59. Bg6 Bd7 ({Not} 59... Bxg6 60. d7 Kxc4 61. d8=Q $18) 60. Bf5 {[%emt 0:00:32] [#]} a3 $1 {[%emt 0:00:06] ( -> ...Ba4)} 61. Bxd7 {[%emt 0:01:00] KB-KPP} a2 62. Ba4 a1=Q (62... Kxc4 $142 63. Ke6 a1=Q 64. d7 Qh8 65. Ke7 Qe5+ 66. Kd8 Kb4 67. Bc6 Qd6 68. Bh1 Qb8+ 69. Ke7 Qe5+ 70. Kd8 Qh8+ 71. Kc7 Qh2+ 72. Kc8 Qxh1 73. Kb8 Qh8+ 74. Kc7 Qf8 75. d8=Q Qxd8+ 76. Kxd8 c4 77. Ke8 c3 78. Kf7 c2 79. Kg6 c1=Q 80. Kf5 Qe3 81. Kg4 Kc5 82. Kf5 Kd6 83. Kf6 Qf4+ 84. Kg7 Ke7 85. Kg8 Qg4+ 86. Kh8 Kf8 87. Kh7 Qh5#) 63. d7 Kxc4+ {[%emt 0:00:41] Black mates.} 64. Ke6 Qd4 65. Ke7 Qe5+ 66. Kf8 Qf6+ 67. Ke8 Kb4 68. Bd1 Qe6+ 69. Kd8 c4 70. Kc7 Qe7 71. Kc8 Qc5+ 72. Kd8 c3 73. Ke8 Qe5+ 74. Kd8 Ka5 75. Kc8 Qc5+ 76. Kd8 Kb6 77. Ke8 Qe5+ 78. Kd8 Kc6 79. Ba4+ Kd6 80. Kc8 Qc5+ 81. Kd8 Qa5+ {[%emt 0:00:15] Weighted Error Value: White=0.82/Black=0.31} 0-1